 Dungeon Crawl Stone Soup version 0.32-a0-876-gcfddb08e57 (webtiles) character file.

Game seed: 8214859656483817015

884 Gunch the Trooper (level 7, -2/62 HPs)
             Began as a Green Draconian Warper on Mar 31, 2024.
             Slain by an orc
             ... wielding a +0 mace
              (4 damage)
             ... on level 4 of the Dungeon.
             The game lasted 00:05:40 (3375 turns).

Gunch the Trooper (Green Draconian Warper)          Turns: 3375, Time: 00:05:40

Health: -2/62      AC:  8    Str: 10 (13) XL:     7   Next: 76%
Magic:  6/10       EV: 11    Int: 16      God:
Gold:   117        SH:  0    Dex:  8 (10) Spells: 6/10 levels left

rFire   . . .        b - +2 dagger (elec)
rCold   . . .        (no shield)
rNeg    . . .        (body armour unavailable)
rPois   +            (helmet restricted)
rElec   .            (no cloak)
rCorr   .            j - +0 pair of gloves
SInv    .            c - +0 pair of boots
Will    .....        (no amulet)
Stlth   +            (no ring)
HPRegen 0.30/turn    (no ring)
MPRegen 0.12/turn

%: no passive effects
@: mighty, attractive, on blink cooldown
A: noxious breath, AC +6, unfitting armour, poison resistance, cold-blooded
a: Noxious Breath


You were on level 4 of the Dungeon.
You visited 1 branch of the dungeon, and saw 4 of its levels.

You collected 117 gold pieces.

Inventory:

Hand Weapons
 a - a +0 falchion
 b - a +2 dagger of electrocution (weapon)
Armour
 c - a +0 pair of boots (worn)
 j - a +0 pair of gloves (worn)
Scrolls
 f - a scroll of enchant weapon
 h - 3 scrolls of identify
Potions
 l - a potion of might


   Skills:
 + Level 5.9 Fighting
 + Level 5.3 Long Blades
 - Level 0.8 Throwing
 - Level 2.4 Dodging
 - Level 2.0 Spellcasting
 + Level 5.8 Translocations


You had 6 spell levels left.
You knew the following spells:

 Your Spells              Type           Power      Damage    Failure   Level
a - Blink                 Tloc           40%        N/A       2%          2
b - Lesser Beckoning      Tloc           40%        N/A       2%          2

Your spell library contained the following spells:

 Spells                   Type           Power      Damage    Failure   Level
 Teleport Other           Tloc           20%        N/A       5%          3
 Maxwell's Portable Pile  Tloc           20%        2d(8-16)  19%         4
 Call Canine Familiar     Summ           1%         N/A       52%         3
 Dazzling Flash           Conj/Hex       2%         N/A       52%         3
 Hailstorm                Conj/Ice       1%         3d5       52%         3
 Mephitic Cloud           Conj/Alch/Air  1%         N/A       52%         3
 Sigil of Binding         Hex            1%         N/A       52%         3
 Summon Ice Beast         Ice/Summ       1%         N/A       52%         3
 Dimensional Bullseye     Hex/Tloc       5%         N/A       52%         4
 Vhi's Electric Charge    Tloc/Air       20%        N/A       52%         4
 Dispersal                Tloc           10%        N/A       96%         6
 Gell's Gavotte           Tloc           10%        2d(16-23) 96%         6
 Curse of Agony           Necr           1%         N/A       99%         5
 Silence                  Hex/Air        0%         N/A       99%         5
 Permafrost Eruption      Ice/Erth       0%         2x4d1     100%        6
 Sculpt Simulacrum        Ice/Alch       0%         N/A       100%        6


Dungeon Overview and Level Annotations

Branches:
Dungeon (4/15)
 Temple: D:4-7

Altars:
Kikubaaqudgha


Innate Abilities, Weirdness & Mutations

You can breathe blasts of noxious fumes.
Your lurid green scales are hard. (AC +6)
You cannot fit into any form of body armour.
Your system is resistant to poisons. (rPois)
You are cold-blooded and may be slowed by cold attacks.


Message History

The orc misses you. The hound is attracted toward you.
You feel your intelligence returning.
Your Fighting skill increases to level 5!
Your Long Blades skill increases to level 5!
Your Translocations skill increases to level 5!
You have reached level 7!
Your scales start taking on a lurid green colour.
You learn Alchemy much quicker.
You can breathe blasts of noxious fumes.
You feel resistant to poisons.
Found a stone staircase leading down.
The giant cockroach closely misses you.
You feel ready to blink again.
The giant cockroach attacks as it pursues you!
The giant cockroach bites you but does no damage.
The orc is attracted toward you. The hound is attracted toward you.
The orc attacks as it pursues you! The orc hits you but does no damage.
The hound is attracted toward you.
Found a golden potion.
The orc is attracted toward you. The dart slug is attracted toward you.
The giant cockroach attacks as it pursues you!
The giant cockroach bites you but does no damage.
The orc hits you but does no damage. The giant cockroach closely misses you.
The orc is attracted toward you.
The giant cockroach attacks as it pursues you!
The giant cockroach barely misses you. The hound is attracted toward you.
The orc is attracted toward you. Something is attracted toward you.
Casting: Blink (safe; 2% risk of failure)
Confirm with . or Enter, or press ? or * to list all spells.
You blink.
The hound is attracted toward you. The orc is attracted toward you.
The giant cockroach is attracted toward you.
The orc barely misses you. The orc attacks as it pursues you!
The orc hits you with a +0 club.
* * * LOW HITPOINT WARNING * * *
The dart slug is attracted toward you. The dart slug bites you.
* * * LOW HITPOINT WARNING * * *
The hound is attracted toward you. The orc attacks as it pursues you!
The orc hits you with a +0 mace.
You die...

#.# #.....# #....###
#§# ##.....# #..5..#
#.###......# #.......
#..........# #.#.h...
#####.).#### #.###...
#.......#######.#.....
#.##....§o.§.B.......
##.##hw§#...#......
#..@o.B§§o..>......
#..##o..#...#...!#.
#.. #####........# #..
####....... #..
....... #.. ...... ###


You could see a hound, a dart slug, 2 orcs and a giant cockroach.

Vanquished Creatures
  Pikel (D:4)
  A black bear (D:4)
  An ogre (D:4)
  3 lemures (D:4)
  A jelly (D:2)
  A bombardier beetle (D:3)
  Natasha (thrice) (D:2)
  An orc wizard (D:2)
  3 adders
  A ribbon worm (D:3)
  A dart slug (D:3)
  5 orcs
  7 bats
  3 endoplasms
  A giant cockroach (D:1)
  6 goblins
  7 hobgoblins
  7 jackals
  4 ball pythons
  4 frilled lizards
  7 kobolds
  5 rats
73 creatures vanquished.

Notes
Turn   | Place    | Note
-------+----------+-------------------------------------------
     0 | D:1      | Gunch the Draconian Warper began the quest for the Orb.
     0 | D:1      | Reached XP level 1. HP: 17/17 MP: 3/3
   100 | D:1      | Reached XP level 2. HP: 16/25 MP: 5/5
   984 | D:2      | Reached XP level 3. HP: 30/30 MP: 6/6
  1006 | D:2      | Found a faded altar of an unknown god.
  1108 | D:2      | Noticed Natasha
  1123 | D:2      | Killed Natasha
  1292 | D:2      | Reached XP level 4. HP: 18/38 MP: 7/7
  1567 | D:2      | Noticed Natasha
  1576 | D:2      | Killed Natasha
  1745 | D:2      | Reached XP level 5. HP: 10/46 MP: 8/8
  1769 | D:2      | Noticed Natasha
  1777 | D:2      | Killed Natasha
  1782 | D:2      | Learned a level 2 spell: Blink
  1785 | D:2      | Learned a level 2 spell: Lesser Beckoning
  3188 | D:4      | Noticed an ogre
  3193 | D:4      | Killed an ogre
  3194 | D:4      | Reached XP level 6. HP: 53/53 MP: 9/9
  3274 | D:4      | Found an ancient bone altar of Kikubaaqudgha.
  3276 | D:4      | Noticed Pikel
  3364 | D:4      | Killed Pikel
  3364 | D:4      | HP: 2/55 [giant cockroach (2)]
  3365 | D:4      | Reached skill level 5 in Fighting
  3365 | D:4      | Reached skill level 5 in Long Blades
  3365 | D:4      | Reached skill level 5 in Translocations
  3365 | D:4      | Your scales start taking on a lurid green colour.
  3365 | D:4      | Reached XP level 7. HP: 3/62 MP: 7/10
  3365 | D:4      | Gained mutation: Your system is resistant to poisons.
                  | (rPois) [Green Draconian growth]
  3374 | D:4      | HP: 2/62 [dart slug (3)]
  3375 | D:4      | Slain by an orc

Illustrated notes

Levels and vault maps discovered:
D:1:      psy_arrival_conway, layout_rooms, grunt_decor_junction
D:2:      layout_loops_corners, basic_ecumenical_altar, uniq_natasha
D:3:      layout_loops_cross
D:4:      layout_basic, kiku_gazebo_garden_becter, uniq_ijyb, uniq_pikel

Skill      XL: |  1  2  3  4  5  6 |
---------------+-------------------+-----
Fighting       | 3 4 5 |  5.9
Long Blades    | 3 4 5 |  5.3
Translocations | 4 5 |  5.8
Throwing       | |  0.8
Dodging        | |  2.4
Spellcasting   | |  2.0

Action                     |  1- 3 |  4- 6 |  7- 9 || total
---------------------------+-------+-------+-------++-------
  Melee: Dagger            |   106 |   161 |       ||   267
         Falchion          |     9 |       |       ||     9
         Tailslap          |     9 |    16 |       ||    25
  Throw: Dart              |     7 |       |       ||     7
   Cast: Blink             |       |     2 |     1 ||     3
    Use: Scroll            |       |     5 |       ||     5
         Potion            |       |     6 |       ||     6
   Stab: Distracted        |       |     1 |       ||     1
         Sleeping          |       |     2 |       ||     2
 Armour: Skin              |    94 |    86 |     7 ||   187
  Dodge: Dodged            |    66 |    77 |     4 ||   147

Table legend: (Time is in decaauts)
 A = Elapsed time spent in this place.
 B = Non-inter-level travel time spent in this place.
 C = Inter-level travel time spent in this place.
 D = Time resting spent in this place.
 E = Time spent auto-exploring this place.
 F = Levels seen in this place.
 G = Mean time per level.
                   A        B        C        D        E       F      G
               +--------+--------+--------+--------+--------+-----+--------+
         Total |   3363 |   3154 |    209 |      0 |   2537 |   4 |  840.8 |
       Dungeon |   3363 |   3154 |    209 |      0 |   2537 |   4 |  840.8 |
               +--------+--------+--------+--------+--------+-----+--------+

Top non-repeatable levels by time:
     D:2: 1413 daAuts
     D:3: 860 daAuts
     D:1: 706 daAuts
     D:4: 382 daAuts
